 Dungeon Crawl Stone Soup version 0.30-a0-782-ge64f9170bb (webtiles) character file.

Game seed: 9015679513067916251

3189 Sabo the Fighter (level 9, -3/74 HPs)
             Began as a Gnoll Wanderer on Feb 17, 2023.
             Was a Believer of Qazlal.
             Slain by an orc warrior
             ... wielding a +0 war axe
              (6 damage)
             ... in a bailey on Feb 18, 2023.
             The game lasted 00:52:46 (9282 turns).

Sabo the Fighter (Gnoll Wanderer)                   Turns: 9282, Time: 00:52:46

Health: -3/74      AC: 11    Str: 15    XL:     9   Next: 96%
Magic:  11/19      EV: 14    Int: 18    God:    Qazlal [**....]
Gold:   9          SH:  2    Dex: 12    Spells: 19/22 levels left

rFire   . . .      SeeInvis +    r - +4 quarterstaff (protect)
rCold   . . .      Faith    .    (shield currently unavailable)
rNeg    . . .      Spirit   .    p - +0 steam dragon scales
rPois   .          Reflect  .    K - +1 helmet {SInv}
rElec   .          Harm     .    E - +0 cloak
rCorr   .          Rampage  .    (no gloves)
Will    .....                    A - +0 pair of boots
Stlth   ++                       g - amulet of regeneration
HPRegen 1.12/turn                v - +6 ring of strength
MPRegen 0.16/turn                (no ring)

@: lethally poisoned (-3 -> -3)
A: fangs 1, strong nose, distributed training
a: Renounce Religion, Upheaval


You were in a bailey.
You worshipped Qazlal.
Qazlal was pleased with you.
You visited 1 branch of the dungeon, and saw 8 of its levels.
You also visited: Bailey.

You collected 530 gold pieces.
You spent 521 gold pieces at shops.

Inventory:

Hand Weapons
 e - a +1 whip of freezing
 r - a +4 quarterstaff of protection (weapon)
 C - a +4 trident of venom
 D - a +0 shortbow
 I - a +3 hand axe
 J - a +5 flail of flaming
Missiles
 f - 7 atropa-tipped darts
 i - 2 throwing nets
 s - 6 curare-tipped darts
 t - 23 poisoned darts (quivered)
 z - 17 boomerangs
Armour
 p - +0 steam dragon scales (worn)
 A - a +0 pair of boots (worn)
 E - a +0 cloak (worn)
 K - a +1 helmet of see invisible (worn)
Jewellery
 g - an amulet of regeneration (around neck)
 v - a +6 ring of strength (left hand)
Wands
 h - a wand of paralysis (8)
 G - a wand of polymorph (1)
Scrolls
 b - a scroll of fear
 d - 6 scrolls of teleportation
 n - a scroll of poison {unknown}
 o - a scroll of amnesia
 q - a scroll of blinking
 y - a scroll of fog
 H - a scroll of silence {unknown}
Potions
 a - a potion of ambrosia {unknown}
 c - a potion of cancellation {unknown}
 j - 3 potions of haste {unknown}
 k - a potion of invisibility {unknown}
 l - 5 potions of flight
 m - a potion of mutation {unknown}
 u - a potion of magic {unknown}
 w - a potion of heal wounds
 x - a potion of resistance {unknown}


   Skills:
 + Level 8.3 Fighting
 + Level 4.9 Short Blades
 + Level 4.9 Long Blades
 + Level 4.9 Axes
 + Level 4.9 Maces & Flails
 + Level 4.9 Polearms
 + Level 4.9 Staves
 + Level 4.9 Ranged Weapons
 + Level 4.9 Throwing
 + Level 5.6 Armour
 + Level 5.6 Dodging
 + Level 4.9 Stealth
 + Level 4.9 Shields
 + Level 4.9 Unarmed Combat
 + Level 7.1 Spellcasting
 + Level 4.0 Conjurations
 + Level 4.0 Hexes
 + Level 4.0 Summonings
 + Level 4.0 Necromancy
 + Level 4.0 Translocations
 + Level 4.0 Transmutations
 + Level 4.0 Fire Magic
 + Level 4.0 Ice Magic
 + Level 6.9 Air Magic
 + Level 4.0 Earth Magic
 + Level 4.0 Poison Magic
 + Level 5.4 Invocations
 + Level 4.9 Evocations


You had 19 spell levels left.
You knew the following spells:

 Your Spells              Type           Power      Damage    Failure   Level
a - Shock                 Conj/Air       100%       1d9       1%          1
b - Blink                 Tloc           42%        N/A       3%          2

Your spell library contained the following spells:

 Spells                   Type           Power      Damage    Failure   Level
 Slow                     Hex            84%        N/A       1%          1
 Sting                    Tmut/Pois      84%        1d7       1%          1
 Cigotuvi's Dreadful Rot  Necr/Pois/Air  48%        N/A       1%          2
 Poisonous Vapours        Pois/Air       52%        N/A       1%          2
 Lesser Beckoning         Tloc           42%        N/A       3%          2
 Momentum Strike          Conj/Tloc      42%        3d9       3%          2
 Sublimation of Blood     Necr           21%        N/A       3%          2
 Wereblood                Tmut           21%        N/A       3%          2
 Mephitic Cloud           Conj/Pois/Air  24%        N/A       4%          3
 Dazzling Flash           Conj/Hex       42%        N/A       6%          3
 Olgreb's Toxic Radiance  Pois           21%        N/A       21%         4
 Summon Hydra             Summ           10%        N/A       100%        7


Dungeon Overview and Level Annotations

Branches:
Dungeon (8/15)             Temple (0/1) D:6          Bailey (1/1)
   Lair: D:8-11

Altars:
Cheibriados
Gozag
Makhleb
Qazlal
Ru
Sif Muna
Trog
Vehumet
Xom
Yredelemnul

Shops:
D:4 ![:(   D:7 [


Innate Abilities, Weirdness & Mutations

You have very sharp teeth.
Your uncanny sense of smell can sniff out nearby items.
Your experience applies equally to all skills.


Message History

The orc warrior hits you with a +0 war axe.
Casting: Shock (safe; 1% risk of failure)
Confirm with . or Enter, or press ? or * to list all spells.
Aiming: Shock (safe; 1% risk of failure)
Press: ? - help, Shift-Dir - straight line, f/p - orc warrior
Aim: an orc warrior, wielding a +0 war axe and wearing a +0 ring mail (moderately wounded, 67% to hit)
The zap misses the orc warrior.
You feel sick.
The kobold brigand throws a curare-tipped dart.
You block the curare-tipped dart.
The orc warrior hits you but does no damage.
The orc warrior closely misses you.
Casting: Shock (safe; 1% risk of failure)
Confirm with . or Enter, or press ? or * to list all spells.
Aiming: Shock (safe; 1% risk of failure)
Press: ? - help, Shift-Dir - straight line, f/p - orc warrior
Aim: an orc warrior, wielding a +0 war axe and wearing a +0 ring mail (moderately wounded, 67% to hit)
The zap misses the orc warrior.
You feel sick.
The orc warrior hits you with a +0 war axe!
The orc warrior hits you with a +0 war axe.
The orc warrior hits you with a +0 war axe!
* * * LOW HITPOINT WARNING * * *
You feel much better.
You feel sick.
The orc warrior hits you with a +0 war axe. x2
The orc warrior hits you with a +0 war axe!
* * * LOW HITPOINT WARNING * * *
You hit the orc warrior but do no damage.
The orc warrior is lightly wounded.
You feel sick.
The orc warrior hits you with a +0 war axe!
* * * LOW HITPOINT WARNING * * *
The orc warrior closely misses you.
The orc warrior hits you with a +0 war axe!
* * * LOW HITPOINT WARNING * * *
Your +5 flail of flaming stops flaming.
Your +4 quarterstaff of protection hums with potential!
r - a +4 quarterstaff of protection (weapon)
You feel sick.
The orc warrior hits you but does no damage. x2
The orc warrior hits you with a +0 war axe.
You die...

.............
........... ....(....
...)... ..... .K.
###o### ##.o@o.##
#...8...# #∩)...(∩#
##.....## ####'''####
##~.......~##
#####~~.......~~#####
#....~~.......~~....#
#.###~~.......~~###.#


You could see 3 orc warriors and a kobold brigand.

Vanquished Creatures
  Pikel (D:7)
  Eustachio (D:5)
  A steam dragon (D:5)
  A black bear (D:5)
  An ice beast (D:7)
  A sky beast (D:6)
  2 ogres
  A centaur (D:6)
  A phantom (D:5)
  4 kobold brigands (Bailey)
  2 bullfrogs (D:6)
  2 necrophages
  2 scorpions
  4 wights (D:7)
  6 killer bees (D:6)
  3 howler monkeys
  An orc priest (D:4)
  3 jellies
  Crazy Yiuf (D:7)
  A gnoll bouda (D:6)
  2 hounds (D:6)
  Ijyb (D:4)
  4 iguanas
  2 orc wizards
  7 gnolls
  5 adders
  An ufetubus (D:5)
  4 worms
  3 dart slugs
  9 orcs
  2 endoplasms
  7 giant cockroaches
  8 goblins
  6 hobgoblins
  4 jackals (D:2)
  16 kobolds
  6 quokkas
  5 ball pythons
  4 bats
  3 frilled lizards
  A jackal zombie (D:4)
  2 rats (D:1)
141 creatures vanquished.

Notes
Turn   | Place    | Note
-------+----------+-------------------------------------------
     0 | D:1      | Sabo the Gnoll Wanderer began the quest for the Orb.
     0 | D:1      | Sabo set off with the following items: a +0 dagger, a
                  | scroll of fear, a +0 robe, a scroll of teleportation; and
                  | the following spells available to memorise: Shock,
                  | Poisonous Vapours, Cigotuvi's Dreadful Rot, Slow, Dazzling
                  | Flash.
     0 | D:1      | Reached XP level 1. HP: 23/23 MP: 6/6
     2 | D:1      | Learned a level 1 spell: Shock
   374 | D:1      | Reached XP level 2. HP: 18/29 MP: 3/7
  1474 | D:2      | Reached skill level 5 in Spellcasting
  1474 | D:2      | Reached XP level 3. HP: 35/35 MP: 1/9
  1703 | D:2      | Found a shimmering altar of Xom.
  1709 | D:2      | Reached skill level 1 in Invocations
  2038 | D:2      | Reached skill level 1 in Short Blades
  2038 | D:2      | Reached skill level 1 in Long Blades
  2038 | D:2      | Reached skill level 1 in Axes
  2038 | D:2      | Reached skill level 1 in Maces & Flails
  2038 | D:2      | Reached skill level 1 in Polearms
  2038 | D:2      | Reached skill level 1 in Staves
  2038 | D:2      | Reached skill level 1 in Ranged Weapons
  2038 | D:2      | Reached skill level 1 in Throwing
  2038 | D:2      | Reached skill level 1 in Stealth
  2038 | D:2      | Reached skill level 1 in Shields
  2038 | D:2      | Reached skill level 1 in Unarmed Combat
  2038 | D:2      | Reached skill level 1 in Evocations
  2166 | D:2      | Reached XP level 4. HP: 41/41 MP: 6/11
  3076 | D:3      | Reached skill level 1 in Conjurations
  3076 | D:3      | Reached skill level 1 in Hexes
  3076 | D:3      | Reached skill level 1 in Summonings
  3076 | D:3      | Reached skill level 1 in Necromancy
  3076 | D:3      | Reached skill level 1 in Translocations
  3076 | D:3      | Reached skill level 1 in Transmutations
  3076 | D:3      | Reached skill level 1 in Fire Magic
  3076 | D:3      | Reached skill level 1 in Ice Magic
  3076 | D:3      | Reached skill level 1 in Earth Magic
  3076 | D:3      | Reached skill level 1 in Poison Magic
  3174 | D:3      | Found a stormy altar of Qazlal.
  3195 | D:3      | Became a worshipper of Qazlal Stormbringer
  3322 | D:3      | Found a radiant altar of Vehumet.
  3950 | D:4      | Found Josudei's Distillery.
  3954 | D:4      | Bought a potion of curing for 33 gold pieces
  3954 | D:4      | Bought a potion of heal wounds for 55 gold pieces
  3957 | D:4      | Found a runed translucent door.
  3957 | D:4      | Noticed a human
  3959 | D:4      | Found a basalt altar of Yredelemnul.
  4043 | D:4      | Found an opulent altar of Gozag.
  4052 | D:4      | Reached XP level 5. HP: 47/47 MP: 9/12
  4150 | D:4      | Upgraded the game from 0.30-a0-779-g7971cf19c3 to
                  | 0.30-a0-782-ge64f9170bb
  4314 | D:4      | Found Qevout's Antique Weapon Boutique.
  4776 | D:4      | Found Kulorgh Decw's Armour Shoppe.
  4939 | D:4      | Noticed Ijyb
  4944 | D:4      | Paralysed by Ijyb for 5 turns
  4951 | D:4      | Paralysed by Ijyb for 3 turns
  4958 | D:4      | Killed Ijyb
  4959 | D:4      | Reached XP level 6. HP: 50/53 MP: 13/13
  5260 | D:4      | Found Neass's Book Shoppe.
  5548 | D:4      | Bought a glowing trident for 201 gold pieces
  5589 | D:5      | Entered Level 5 of the Dungeon
  5645 | D:5      | Noticed Eustachio
  5692 | D:5      | Noticed a steam dragon
  5694 | D:5      | Noticed a black bear
  5702 | D:5      | Killed a steam dragon
  5704 | D:5      | Killed a black bear
  5705 | D:5      | Reached skill level 7 in Fighting
  5705 | D:5      | Reached XP level 7. HP: 29/60 MP: 9/15
  5871 | D:5      | Found a burning altar of Makhleb.
  5871 | D:5      | Noticed a cacodemon
  6143 | D:5      | Killed Eustachio
  6144 | D:5      | Reached XP level 8. HP: 58/67 MP: 10/16
  6285 | D:5      | Reached * piety under Qazlal
  6737 | D:6      | Found a bloodstained altar of Trog.
  6761 | D:6      | Found a staircase to the Ecumenical Temple.
  7178 | D:6      | Found a shimmering blue altar of Sif Muna.
  7333 | D:6      | Found a shimmering altar of Xom.
  7369 | D:6      | Found a snail-covered altar of Cheibriados.
  7405 | D:6      | Reached XP level 9. HP: 70/73 MP: 18/18
  7511 | D:6      | Learned a level 2 spell: Blink
  7624 | D:6      | Found a sacrificial altar of Ru.
  8105 | D:7      | Found a runed translucent door.
  8106 | D:7      | Noticed Crazy Yiuf
  8112 | D:7      | Killed Crazy Yiuf
  8113 | D:7      | Reached skill level 5 in Armour
  8113 | D:7      | Reached skill level 5 in Dodging
  8675 | D:7      | Found Ixzoirax's Antique Armour Emporium.
  8688 | D:7      | Reached skill level 8 in Fighting
  8875 | D:7      | Bought a glowing helmet for 232 gold pieces
  8990 | D:7      | Noticed Pikel
  9001 | D:7      | Killed Pikel
  9002 | D:7      | Reached skill level 5 in Invocations
  9056 | D:8      | Found a flagged portal.
  9064 | Bailey   | Entered a bailey
  9102 | Bailey   | Reached ** piety under Qazlal
  9281 | Bailey   | HP: 3/74 [orc warrior/+0 war axe (9)]
  9282 | Bailey   | Slain by an orc warrior

Illustrated notes

Levels and vault maps discovered:
D:1:      saegor_arrival_simple_e, layout_loops_ring
D:2:      layout_loops_cross, basic_altar, minmay_misc_feat_encased
D:3:      layout_loops_ring, lemuel_tele_altar, marbit_many_paths
D:4:      layout_loops_corners, dk_yredelemnul_ordeal,
          nicolae_gozag_cash_rules_everything_around_me, serial_shops, shop,
          shop, shop, shop, chequers_serial_rivers_large_b, uniq_ijyb
D:5:      layout_gridville, makhleb_altar_promises_db,
          cheibrodos_sewer_entry_bend, uniq_eustachio
D:6:      layout_basic, amcnicky_altar_gilded,
          mainiacjoe_overflow_catch_the_wave, hangedman_ru_absence,
          lemuel_doored_altar, minmay_temple_entry_junction
D:7:      layout_rooms, serial_shops, shop, lightli_orcish_oven,
          uniq_crazy_yiuf_cottage, uniq_pikel
D:8:      layout_cave_pods, erik_lair_orcish_takeover, enter_bailey_2,
          supply_closet_lemuel
Bailey:   bailey_axe_3, bailey

Skill      XL: |  1  2  3  4  5  6  7  8  9 |
---------------+----------------------------+-----
Spellcasting   | 5 6 7 |  7.1
Invocations    | 1 2 3 4 5 |  5.4
Short Blades   | 1 2 3 4 |  4.9
Long Blades    | 1 2 3 4 |  4.9
Axes           | 1 2 3 4 |  4.9
Maces & Flails | 1 2 3 4 |  4.9
Polearms       | 1 2 3 4 |  4.9
Staves         | 1 2 3 4 |  4.9
Ranged Weapons | 1 2 3 4 |  4.9
Throwing       | 1 2 3 4 |  4.9
Stealth        | 1 2 3 4 |  4.9
Shields        | 1 2 3 4 |  4.9
Unarmed Combat | 1 2 3 4 |  4.9
Evocations     | 1 2 3 4 |  4.9
Conjurations   | 1 2 3 4 |  4.0
Hexes          | 1 2 3 4 |  4.0
Summonings     | 1 2 3 4 |  4.0
Necromancy     | 1 2 3 4 |  4.0
Translocations | 1 2 3 4 |  4.0
Transmutations | 1 2 3 4 |  4.0
Fire Magic     | 1 2 3 4 |  4.0
Ice Magic      | 1 2 3 4 |  4.0
Earth Magic    | 1 2 3 4 |  4.0
Poison Magic   | 1 2 3 4 |  4.0
Armour         | 3 4 5 |  5.6
Dodging        | 3 4 5 |  5.6
Fighting       | 7 8 |  8.3
Air Magic      | 6 |  6.9

Action                     |  1- 3 |  4- 6 |  7- 9 || total
---------------------------+-------+-------+-------++-------
  Melee: Dagger            |    14 |       |       ||    14
         Trident           |    39 |    48 |   108 ||   195
         Bite              |     3 |     6 |    18 ||    27
         Punch             |       |     1 |     3 ||     4
         Great sword       |       |    13 |       ||    13
         Quarterstaff      |       |       |    31 ||    31
         Flail             |       |       |    18 ||    18
  Throw: Dart              |     1 |     9 |    19 ||    29
   Cast: Shock             |    59 |    81 |   122 ||   262
    Use: Scroll            |     2 |     7 |     6 ||    15
         Potion            |       |       |     6 ||     6
 Armour: Robe              |    22 |       |       ||    22
         Leather armour    |       |    20 |     1 ||    21
         Steam dragon scal |       |       |    89 ||    89
  Dodge: Dodged            |    63 |    45 |   160 ||   268
  Block: Other             |       |       |    15 ||    15

Table legend: (Time is in decaauts)
 A = Elapsed time spent in this place.
 B = Non-inter-level travel time spent in this place.
 C = Inter-level travel time spent in this place.
 D = Time resting spent in this place.
 E = Time spent auto-exploring this place.
 F = Levels seen in this place.
 G = Mean time per level.
                   A        B        C        D        E       F      G
               +--------+--------+--------+--------+--------+-----+--------+
         Total |   9394 |   9394 |      0 |   2866 |      0 |   9 | 1043.8 |
       Dungeon |   9169 |   9169 |      0 |   2809 |      0 |   8 | 1146.1 |
        Bailey |    225 |    225 |      0 |     57 |      0 |   1 |  225.0 |
               +--------+--------+--------+--------+--------+-----+--------+

Top non-repeatable levels by time:
     D:4: 1740 daAuts
     D:1: 1440 daAuts
     D:2: 1422 daAuts
     D:6: 1244 daAuts
     D:5: 1155 daAuts
     D:7: 1089 daAuts
     D:3: 1068 daAuts
  Bailey: 225 daAuts
     D:8: 7 daAuts
